 Dungeon Crawl Stone Soup version 0.29-a0-2-g12fcac58f8 (webtiles) character file.

Game seed: 7785677196269345988

198 HallandMoats the Ruffian (level 5, -3/47 HPs)
             Began as a Ghoul Monk on Jan 27, 2022.
             Was a Priest of Okawaru.
             Slain by Dowan (4 damage)
             ... on level 4 of the Dungeon.
             The game lasted 00:03:02 (2815 turns).

HallandMoats the Ruffian (Ghoul Monk)               Turns: 2815, Time: 00:03:03

Health: -3/47      AC:  6    Str: 15 (17) XL:     5   Next: 76%
Magic:  3/5        EV: 13    Int:  3 (5)  God:    Okawaru [***...]
Gold:   26         SH:  0    Dex: 10 (11) Spells: 4/4 levels left

rFire   . . .      SeeInvis .     - Unarmed
rCold   + . .      Faith    .   (no shield)
rNeg    + + +      Spirit   .   e - +0 ring mail
rPois   ∞          Reflect  .   (no helmet)
rElec   .          Harm     .   (no cloak)
rCorr   .          Rampage  .   (no gloves)
Will    .....                   (no boots)
Stlth   +++.......              (no amulet)
HPRegen 0.00/turn               (no ring)
MPRegen 0.09/turn               (no ring)

@: heroic, attractive, inhibited regen, hasted, very quick
A: claws 1, cold resistance 1, negative energy resistance 3, inhibited
regeneration, torment resistance 2
a: Renounce Religion, Heroism


You were on level 4 of the Dungeon.
You worshipped Okawaru.
Okawaru was most pleased with you.
You visited 1 branch of the dungeon, and saw 4 of its levels.

You collected 26 gold pieces.

Inventory:

Armour
 e - a +0 ring mail (worn)
Scrolls
 a - 2 scrolls of identify {unknown}
 b - a scroll of amnesia {unknown}
 d - a scroll of teleportation {unknown}
 h - a scroll of fear {unknown}
 i - a scroll of torment {unknown}
Potions
 f - a potion of attraction
 j - a potion of brilliance {unknown}


   Skills:
 * Level 4.5(9.5) Fighting
 + Level 1.3(6.3) Armour
 + Level 3.1(8.1) Dodging
 - Level 2.1(7.1) Stealth
 * Level 4.5(9.5) Unarmed Combat
 * Level 2.5 Invocations


You had 4 spell levels left.
You didn't know any spells.
Your spell library contained the following spells:

 Spells                   Type           Power      Damage    Failure   Level
 Scorch                   Fire           0%         2d5       86%         2
 Static Discharge         Conj/Air       0%         N/A       86%         2
 Portal Projectile        Hex/Tloc       0%         N/A       97%         3
 Flame Wave               Conj/Fire      0%         2d4       100%        4
 Leda's Liquefaction      Hex/Erth       0%         N/A       100%        4
 Lightning Bolt           Conj/Air       0%         1d11      100%        5
 Maxwell's Capacitive Co  Air            0%         ∞         100%        8
 Call Canine Familiar     Summ           Unusable   N/A       N/A         3
 Summon Cactus Giant      Summ           Unusable   N/A       N/A         6

Dungeon Overview and Level Annotations

Branches:
Dungeon (4/15)
 Temple: D:4-7

Altars:
Makhleb
Okawaru
Ru
Vehumet
Xom

Annotations:
D:4 Dowan, Duvessa


Innate Abilities, Weirdness & Mutations

You thrive by killing the living.
You are immune to poison.
You have sharp fingernails.
Your flesh is cold resistant. (rC+)
You are immune to negative energy. (rN+++)
You do not regenerate when monsters are visible.
You are immune to unholy pain and torment.


Message History

There is an open door here.
A kobold comes into view.
It is wielding a +0 whip and quivering poisoned darts.
It was a potion of attraction.
You feel attractive to monsters. Duvessa hits you but does no damage.
The kobold is attracted toward you.
It was a potion of degeneration.
There was something very wrong with that liquid.
You feel weakened.
You feel dopey.
You feel clumsy. Duvessa barely misses you.
It was a potion of haste.
You feel yourself speed up.
Dowan says, "Magic and the sword, together, will defeat you."
Dowan is attracted toward you.
You barely miss Duvessa. Dowan misses you. Duvessa hits you with a +0 rapier!
You scratch Duvessa but do no damage. You scratch Duvessa but do no damage.
Your claw misses Duvessa.
Dowan laughs at you. "Don't get delusional, you can't win!"
Dowan casts a spell at Duvessa.
Duvessa seems to speed up.
Duvessa hits you with a +0 rapier!
You barely miss Duvessa. Duvessa closely misses you.
You scratch Duvessa but do no damage. Dowan hits you but does no damage.
Duvessa hits you with a +0 rapier.
You scratch Duvessa.
Duvessa is lightly wounded.
Dowan smirks and points a slender finger.
Dowan hits you with a +0 dagger. Duvessa hits you with a +0 rapier.
You gain the combat prowess of a mighty hero.
Duvessa hits you with a +0 rapier!
You scratch Duvessa.
Duvessa is moderately wounded.
Dowan closely misses you.
You barely miss Duvessa.
Duvessa is moderately wounded.
Duvessa hits you with a +0 rapier!
* * * LOW HITPOINT WARNING * * *
You scratch Duvessa.
Duvessa is moderately wounded.
Duvessa hits you with a +0 rapier.
* * * LOW HITPOINT WARNING * * *
Dowan hits you with a +0 dagger.
You die...

#.# ...... #.#
...... #.# ......
#.# ......# ###'###
.......##.....##
.....#.......#
#.K#.......###
#.Se@.._...'.#
#..#e......#.#
......#..#.......#.#
........###.†...##.#
........#.###'####.#
........##....# #..#
........#####.###.##
........# #.....##
........#######....#


You could see Duvessa (fast), Dowan, an adder and a kobold.

Vanquished Creatures
  A crimson imp (D:3)
  An orc priest (D:3)
  An orc wizard (D:4)
  4 adders
  2 worms
  A dart slug (D:1)
  4 orcs (D:3)
  5 ball pythons
  8 endoplasms
  4 giant cockroaches
  5 goblins
  4 hobgoblins
  2 quokkas
  6 bats
  3 frilled lizards
  5 kobolds
  6 rats
62 creatures vanquished.

Notes
Turn   | Place    | Note
-------+----------+-------------------------------------------
     0 | D:1      | HallandMoats the Ghoul Monk began the quest for the Orb.
     0 | D:1      | Reached XP level 1. HP: 19/19 MP: 0/0
   234 | D:1      | Found a faded altar of an unknown god.
   245 | D:1      | Prayed at the altar of an unknown god.
   245 | D:1      | Became a worshipper of Warmaster Okawaru
   245 | D:1      | Reached * piety under Okawaru
   245 | D:1      | Reached ** piety under Okawaru
   289 | D:1      | Reached XP level 2. HP: 14/26 MP: 1/1
   882 | D:2      | Reached XP level 3. HP: 31/33 MP: 2/2
   939 | D:2      | Reached skill level 1 in Invocations
  1433 | D:2      | Reached XP level 4. HP: 36/40 MP: 3/3
  1556 | D:2      | Reached *** piety under Okawaru
  1881 | D:3      | Reached skill level 1 in Armour
  1893 | D:3      | Reached XP level 5. HP: 40/46 MP: 3/5
  2053 | D:3      | Found a shimmering altar of Xom.
  2053 | D:3      | Found a burning altar of Makhleb.
  2659 | D:4      | Found a sacrificial altar of Ru.
  2778 | D:4      | Found a radiant altar of Vehumet.
  2800 | D:4      | Noticed Duvessa
  2800 | D:4      | Noticed Dowan
  2815 | D:4      | HP: 1/47 [Duvessa (5)]
  2815 | D:4      | Slain by Dowan

Illustrated notes

Levels and vault maps discovered:
D:1:      sevenhm_arrival_forest_fort_small_3, layout_basic,
          hellmonk_ecumenical_altar_crossroads, chequers_decorated_corner
D:2:      layout_loops_ring, chequers_garden
D:3:      layout_basic, grunt_temple_overflow_champion_of_chaos
D:4:      layout_rooms, nicolae_ru_great_annihilating_truth,
          nicolae_vehumet_altar_sigil, marbit_many_paths,
          hangedman_decor_slide_cut, uniq_duvessa

Skill      XL: |  1  2  3  4 |
---------------+-------------+-----
Invocations    | 1 2 |  2.5
Fighting       | 4 |  4.5
Unarmed Combat | 4 |  4.5
Armour         | 1 |  1.3
Dodging        | 3 |  3.1
Stealth        | |  2.1

Action                   |  1- 3 |  4- 6 || total
-------------------------+-------+-------++-------
Melee: Unarmed           |   108 |    89 ||   197
       Punch             |       |     1 ||     1
Invok: Heroism           |       |     3 ||     3
  Use: Potion            |       |     3 ||     3
 Stab: Sleeping          |     3 |       ||     3
       Paralysed         |       |     1 ||     1
Armor: Robe              |    11 |       ||    11
       Ring mail         |    29 |    25 ||    54
Dodge: Dodged            |   107 |    33 ||   140

Table legend: (Time is in decaauts)
 A = Elapsed time spent in this place.
 B = Non-inter-level travel time spent in this place.
 C = Inter-level travel time spent in this place.
 D = Time resting spent in this place.
 E = Time spent auto-exploring this place.
 F = Levels seen in this place.
 G = Mean time per level.
                   A        B        C        D        E       F      G
               +--------+--------+--------+--------+--------+-----+--------+
         Total |   2789 |   2752 |     37 |      0 |   2302 |   4 |  697.2 |
       Dungeon |   2789 |   2752 |     37 |      0 |   2302 |   4 |  697.2 |
               +--------+--------+--------+--------+--------+-----+--------+

Top non-repeatable levels by time:
     D:2: 900 daAuts
     D:3: 897 daAuts
     D:1: 839 daAuts
     D:4: 152 daAuts
